 Dungeon Crawl Stone Soup version 0.16.1-25-gbcee3f8 (webtiles) character file.

30 sqallbeste the Caller (level 3, -1/19 HPs)
             Began as a Deep Elf Summoner on May 22, 2015.
             Shot with a sling bullet by a goblin (2 damage)
             ... on level 2 of the Dungeon.
             The game lasted 00:11:55 (1528 turns).

sqallbeste the Caller (Deep Elf Summoner)           Turns: 1528, Time: 00:11:55

Health: -1/19      AC:  5    Str:  5    XL:     3   Next: 5%
Magic:  2/11       EV: 13    Int: 20    God:    Xom [..*...]
Gold:   96         SH:  0    Dex: 15    Spells: 3 memorised, 3 levels left

rFire  . . .     SeeInvis .     l - +0 hunting sling
rCold  . . .     Clarity  .     g - +1 robe
rNeg   . . .     SustAb   .     (no shield)
rPois  .         Gourm    .     (no helmet)
rElec  .         Spirit   .     d - +1 cloak
rCorr  .         Warding  .     (no gloves)
rMut   .         Stasis   .     (no boots)
MR     .....                    (no amulet)
Stlth  ++........               (no ring)
                                (no ring)

@: not resistant to hostile enchantments, unstealthy
A: no striking features
a: Renounce Religion


You were on level 2 of the Dungeon.
You worshipped Xom.
You were a toy of Xom.
You were full.

You visited 1 branch of the dungeon, and saw 2 of its levels.

You collected 96 gold pieces.

Inventory:

Hand weapons
 l - a +0 hunting sling (weapon)
Missiles
 n - 5 stones (quivered)
Armour
 a - a +0 robe
 d - a +1 cloak (worn)
 e - a +0 plate armour
 f - a +0 ring mail
 g - a +1 robe (worn)
 j - a +0 robe
Scrolls
 h - a scroll of fog
 i - a scroll of identify
 m - a scroll of immolation
Books
 b - a book of Callings

   Spells                             Type                      Level
   a - Summon Small Mammal            Summoning                    1
   b - Call Imp                       Summoning                    2
   c - Call Canine Familiar           Summoning                    3
   d - Summon Guardian Golem          Hexes/Summoning              4
   e - Summon Lightning Spire         Summoning/Air                4
   f - Summon Ice Beast               Ice/Summoning                4
Comestibles
 c - a bread ration
 k - 2 meat rations


   Skills:
 + Level 2.5 Dodging
 + Level 2.4 Stealth
 + Level 3.5 Spellcasting
 * Level 5.2 Summonings


You had 3 spell levels left.
You knew the following spells:

 Your Spells              Type           Power        Failure   Level  Hunger
a - Summon Small Mammal   Summ           ###.         1%          1    None
b - Call Imp              Summ           ###.....     2%          2    ##.....
c - Call Canine Familiar  Summ           ###.....     6%          3    ###....


Dungeon Overview and Level Annotations

Branches:
Dungeon (2/15)

Altars:
Xom


Message History

The goblin shoots a sling bullet.
The sling bullet misses your hound. The sling bullet closely misses you.
You see here a sling bullet.
Casting: Call Canine Familiar
Confirm with . or Enter, or press ? or * to list all spells.
The goblin shoots a sling bullet.
The sling bullet hits your iron imp but does no damage.
Casting: Summon Small Mammal
Confirm with . or Enter, or press ? or * to list all spells.
The goblin shoots a sling bullet.
The sling bullet hits your hound.
You swap places.
The goblin shoots a sling bullet.
The sling bullet barely misses your hound.
The sling bullet hits you.
* * * LOW HITPOINT WARNING * * *
You see here 3 sling bullets.
The goblin shoots a sling bullet.
The sling bullet closely misses your hound.
The sling bullet hits you.
You die...
Xom yawns loudly!

##.#................#.......##+##
....................#......##8.8#
.#..##....).........#.....##.....
.).................(...[.##8.....
..>............#.#.(....##.......
..#............†_.......#8.......
..#.#..........#5#r(...g').).....
..'.'...........5(((....#8..[....
..#.#...........@h..r.#.##.......
..#.#.................#..##8.....
#.#.#.#.....###.......#...##.....
#+#+#+#.............###....##8.8#
,...........†...............##+##
,........................#+......
.........................#+......
.........................##.#.#.#
....(..#.........######+#........


You could see a goblin, a friendly hound, a friendly iron imp, a friendly
crimson imp and 2 friendly quokkas.

Vanquished Creatures (collateral kills)
  An adder (D:2)
  2 worms (D:2)
  4 bats
  3 giant cockroaches (D:1)
  4 goblins
  2 hobgoblins
  A quokka (D:2)
  A giant gecko (D:1)
  3 giant newts
  6 kobolds
  4 rats
31 creatures vanquished.

Vanquished Creatures (others)
  A bat (D:1)
  4 rats
5 creatures vanquished.

Grand Total: 36 creatures vanquished

Notes
Turn   | Place    | Note
--------------------------------------------------------------
     0 | D:1      | sqallbeste, the Deep Elf Summoner, began the quest for the Orb.
     0 | D:1      | Reached XP level 1. HP: 10/10 MP: 5/5
   670 | D:1      | Reached XP level 2. HP: 15/15 MP: 0/8
   683 | D:1      | Learned a level 2 spell: Call Imp
  1034 | D:2      | Reached skill level 5 in Summonings
  1097 | D:2      | Found a shimmering altar of Xom.
  1158 | D:2      | Became a worshipper of Xom of Chaos
  1394 | D:2      | Reached XP level 3. HP: 17/19 MP: 4/11
  1404 | D:2      | Learned a level 3 spell: Call Canine Familiar
  1528 | D:2      | Shot with a sling bullet by a goblin

Action                   || total
-------------------------++-------
Melee: Unarmed           ||     3
 Cast: Summon Small Mamm ||    65
       Call Imp          ||    17
       Call Canine Famil ||     5
  Use: Potion            ||     5
       Scroll            ||    12
  Eat: Bread ration      ||     2
